 Dungeon Crawl Stone Soup version 0.29.1-1-gd02db69 (webtiles) character file.

Game seed: 13899197820728502514

545 Timinator the Covert (level 7, -1/56 HPs)
             Began as a Gnoll Brigand on Jan 13, 2023.
             Was an Initiate of Qazlal.
             Killed from afar by an orc wizard (8 damage)
             ... with a puff of flame
             ... on level 4 of the Dungeon.
             The game lasted 00:13:02 (4536 turns).

Timinator the Covert (Gnoll Brigand)                Turns: 4536, Time: 00:13:02

Health: -1/56      AC:  5    Str: 10    XL:     7   Next: 27%
Magic:  10/10      EV: 12    Int: 11    God:    Qazlal [......]
Gold:   249        SH:  5    Dex: 15    Spells: 9/11 levels left

rFire   . . .      SeeInvis .   u - +1 short sword (elec)
rCold   . . .      Faith    .   (no shield)
rNeg    . . .      Spirit   .   m - +0 leather armour
rPois   .          Reflect  +   x - +0 helmet
rElec   .          Harm     .   c - +0 cloak
rCorr   .          Rampage  .   (no gloves)
Will    .....                   (no boots)
Stlth   ++++......              v - amulet of reflection
HPRegen 0.18/turn               (no ring)
MPRegen 0.12/turn               (no ring)

@: wereblooded
A: fangs 1, strong nose, distributed training
a: Renounce Religion


You were on level 4 of the Dungeon.
You worshipped Qazlal.
Qazlal was noncommittal.
You visited 1 branch of the dungeon, and saw 4 of its levels.

You collected 249 gold pieces.

Inventory:

Hand Weapons
 u - a +1 short sword of electrocution (weapon)
Missiles
 a - 5 datura-tipped darts
 d - 24 poisoned darts (quivered)
 e - 3 curare-tipped darts
Armour
 c - a +0 cloak (worn)
 m - a +0 leather armour (worn)
 x - a +0 helmet (worn)
Jewellery
 j - an amulet of magic regeneration
 v - an amulet of reflection (around neck)
Wands
 b - a wand of mindburst (10)
 w - a wand of roots (7)
Scrolls
 f - a scroll of brand weapon {unknown}
 g - a scroll of noise {unknown}
 i - a scroll of immolation {unknown}
 l - 2 scrolls of teleportation {unknown}
 q - a scroll of enchant weapon {unknown}
 r - a scroll of fear {unknown}
 s - a scroll of poison {unknown}
 t - 3 scrolls of identify {unknown}
Potions
 h - 4 potions of curing
 k - a potion of haste {unknown}
 n - a potion of heal wounds
 o - a potion of cancellation {unknown}
 p - a potion of brilliance {unknown}
 z - 2 potions of attraction {unknown}


   Skills:
 + Level 5.2 Fighting
 + Level 5.2 Short Blades
 + Level 2.5 Long Blades
 + Level 2.5 Axes
 + Level 2.5 Maces & Flails
 + Level 2.5 Polearms
 + Level 2.5 Staves
 + Level 2.5 Ranged Weapons
 + Level 5.2 Throwing
 + Level 2.5 Armour
 + Level 3.6 Dodging
 + Level 8.2 Stealth
 + Level 2.5 Shields
 + Level 2.5 Unarmed Combat
 + Level 2.5 Spellcasting
 + Level 2.0 Conjurations
 + Level 2.0 Hexes
 + Level 2.0 Summonings
 + Level 2.0 Necromancy
 + Level 2.0 Translocations
 + Level 2.0 Transmutations
 + Level 2.0 Fire Magic
 + Level 2.0 Ice Magic
 + Level 2.0 Air Magic
 + Level 2.0 Earth Magic
 + Level 2.0 Poison Magic
 + Level 2.7 Invocations
 + Level 2.5 Evocations


You had 9 spell levels left.
You knew the following spells:

 Your Spells              Type           Power      Damage    Failure   Level
a - Wereblood             Tmut           5%         N/A       24%         2

Your spell library contained the following spells:

 Spells                   Type           Power      Damage    Failure   Level
 Beastly Appendage        Tmut           10%        N/A       16%         1
 Ensorcelled Hibernation  Hex/Ice        10%        N/A       24%         2
 Spider Form              Tmut/Pois      5%         N/A       43%         3
 Anguish                  Hex/Necr       2%         N/A       83%         4


Dungeon Overview and Level Annotations

Branches:
Dungeon (4/15)
 Temple: D:4-7

Altars:
Fedhas
Makhleb
Qazlal

Shops:
D:1 (   D:4 !


Innate Abilities, Weirdness & Mutations

You have very sharp teeth.
Your uncanny sense of smell can sniff out nearby items.
Your experience applies equally to all skills.


Message History

The orc closely misses you.
You hit the orc but do no damage. Lightning courses through the orc!
You feel a bit better.
You kill the orc!
Qazlal accepts your kill.
You closely miss the orc priest.
The orc priest is lightly wounded.
You block the orc priest's attack.
You closely miss the orc priest.
The orc priest is lightly wounded.
The orc priest hits you with a +0 falchion.
* * * LOW HITPOINT WARNING * * *
You hit the orc priest.
You bite the orc priest, but do no damage.
The orc priest is heavily wounded.
You block the orc priest's attack.
You hit the orc priest but do no damage.
The orc priest is heavily wounded.
You closely miss the orc priest.
The orc priest is heavily wounded.
The orc priest hits you with a +0 falchion.
* * * LOW HITPOINT WARNING * * *
You barely miss the orc priest.
The orc priest is heavily wounded.
You howl as the wereblood boils in your veins!
The orc priest looks braver for a moment.
You hit the orc priest. Your bite misses the orc priest.
The orc priest is almost dead.
The orc priest calls down the wrath of Beogh upon you.
Beogh smites you!
* * * LOW HITPOINT WARNING * * *
You hit the orc priest but do no damage.
Lightning courses through the orc priest!
You feel a bit better.
You kill the orc priest!
Qazlal accepts your kill.
You hear some strange, mumbled words.
A puff of flame appears from out of thin air!
The puff of flame hits you!
You die...

#######.######.#####.#'
#......................
#....#########..######.
#........#####..######.
#>...........^.........
##.....#..#####.######.
#####.#..#..........#.
#.#..#.###.####.#.
#@#..#...#....#.#.
#.#..###.#..#.#.#.
#{#....#.#..#...#.
#.##.#<#.########.
#######go..#.#..........
#......o..## ###########
#.......b.# #.........#
#.........'....


You could see 2 orcs and a hobgoblin.

Vanquished Creatures
  Grinder (D:3)
  2 orc priests
  3 hounds
  An iguana (D:4)
  Robin (D:4)
  A gnoll (D:3)
  2 adders (D:2)
  2 worms (D:2)
  3 dart slugs
  7 orcs
  9 bats
  8 endoplasms
  4 giant cockroaches
  13 goblins
  17 hobgoblins
  6 jackals
  8 kobolds
  7 quokkas
  6 ball pythons
  3 frilled lizards
  6 rats
110 creatures vanquished.

Vanquished Creatures (others)
  2 fungi (D:3)
  3 plants (D:3)
5 creatures vanquished.

Grand Total: 115 creatures vanquished

Notes
Turn   | Place    | Note
-------+----------+-------------------------------------------
     0 | D:1      | Timinator the Gnoll Brigand began the quest for the Orb.
     0 | D:1      | Reached XP level 1. HP: 20/20 MP: 1/1
   145 | D:1      | Reached XP level 2. HP: 26/26 MP: 2/2
   465 | D:1      | Found Feoll's Weapon Emporium.
   590 | D:1      | Reached XP level 3. HP: 31/31 MP: 3/3
  1089 | D:2      | Reached skill level 1 in Invocations
  1342 | D:2      | Reached skill level 1 in Long Blades
  1342 | D:2      | Reached skill level 1 in Axes
  1342 | D:2      | Reached skill level 1 in Maces & Flails
  1342 | D:2      | Reached skill level 1 in Polearms
  1342 | D:2      | Reached skill level 1 in Staves
  1342 | D:2      | Reached skill level 1 in Ranged Weapons
  1342 | D:2      | Reached skill level 1 in Armour
  1342 | D:2      | Reached skill level 1 in Shields
  1342 | D:2      | Reached skill level 1 in Unarmed Combat
  1342 | D:2      | Reached skill level 1 in Spellcasting
  1342 | D:2      | Reached skill level 1 in Evocations
  1433 | D:2      | Learned a level 2 spell: Wereblood
  1590 | D:2      | Reached XP level 4. HP: 38/38 MP: 5/5
  1633 | D:2      | Found a faded altar of an unknown god.
  1678 | D:2      | Found a burning altar of Makhleb.
  1903 | D:3      | Found a blossoming altar of Fedhas.
  1965 | D:2      | Reached skill level 1 in Conjurations
  1965 | D:2      | Reached skill level 1 in Hexes
  1965 | D:2      | Reached skill level 1 in Summonings
  1965 | D:2      | Reached skill level 1 in Necromancy
  1965 | D:2      | Reached skill level 1 in Translocations
  1965 | D:2      | Reached skill level 1 in Transmutations
  1965 | D:2      | Reached skill level 1 in Fire Magic
  1965 | D:2      | Reached skill level 1 in Ice Magic
  1965 | D:2      | Reached skill level 1 in Air Magic
  1965 | D:2      | Reached skill level 1 in Earth Magic
  1965 | D:2      | Reached skill level 1 in Poison Magic
  2329 | D:3      | Reached XP level 5. HP: 3/43 MP: 5/7
  2633 | D:3      | Noticed Grinder
  2650 | D:3      | Killed Grinder
  2651 | D:3      | Reached skill level 5 in Fighting
  2651 | D:3      | Reached skill level 5 in Short Blades
  2651 | D:3      | Reached skill level 5 in Throwing
  2651 | D:3      | Reached skill level 8 in Stealth
  2651 | D:3      | Reached XP level 6. HP: 51/51 MP: 7/9
  2787 | D:3      | Found a stormy altar of Qazlal.
  3827 | D:3      | Became a worshipper of Qazlal Stormbringer
  3907 | D:4      | Found Mumuhuge's Distillery.
  3976 | D:4      | Reached XP level 7. HP: 56/56 MP: 10/10
  4004 | D:4      | Noticed Robin
  4050 | D:4      | Killed Robin
  4536 | D:4      | Killed from afar by an orc wizard

Illustrated notes

Levels and vault maps discovered:
D:1:      dpeg_arrival_morbid_curiosity, layout_rooms, serial_shops, shop
D:2:      wander_river, layout_rooms, basic_altar,
          hellmonk_ecumenical_altar_slurped_away, minmay_pentomino_o4
D:3:      minmay_razor_zed, layout_basic,
          grunt_temple_overflow_forces_of_nature, minivault_19, uniq_grinder
D:4:      layout_basic, minmay_temple_entry_butterflies,
          dreamdust_mushroom_princess, minmay_misc_feat_room,
          hangedman_decor_slide_cut, nicolae_take_the_stairs, uniq_robin

Skill      XL: |  1  2  3  4  5  6  7 |
---------------+----------------------+-----
Invocations    | 1 2 |  2.7
Long Blades    | 1 2 |  2.5
Axes           | 1 2 |  2.5
Maces & Flails | 1 2 |  2.5
Polearms       | 1 2 |  2.5
Staves         | 1 2 |  2.5
Ranged Weapons | 1 2 |  2.5
Armour         | 1 2 |  2.5
Shields        | 1 2 |  2.5
Unarmed Combat | 1 2 |  2.5
Spellcasting   | 1 2 |  2.5
Evocations     | 1 2 |  2.5
Conjurations   | 1 2 |  2.0
Hexes          | 1 2 |  2.0
Summonings     | 1 2 |  2.0
Necromancy     | 1 2 |  2.0
Translocations | 1 2 |  2.0
Transmutations | 1 2 |  2.0
Fire Magic     | 1 2 |  2.0
Ice Magic      | 1 2 |  2.0
Air Magic      | 1 2 |  2.0
Earth Magic    | 1 2 |  2.0
Poison Magic   | 1 2 |  2.0
Fighting       | 5 |  5.2
Short Blades   | 5 |  5.2
Throwing       | 5 |  5.2
Dodging        | 3 |  3.6
Stealth        | 8 |  8.2

Action                   |  1- 3 |  4- 6 |  7- 9 || total
-------------------------+-------+-------+-------++-------
Melee: Dagger            |   149 |   145 |       ||   294
       Bite              |    19 |    15 |    11 ||    45
       Punch             |     1 |     3 |     1 ||     5
       Short sword       |       |    39 |    64 ||   103
Throw: Dart              |     1 |     7 |       ||     8
 Cast: Wereblood         |       |       |     3 ||     3
  Use: Potion            |       |     3 |     1 ||     4
 Stab: Sleeping          |    12 |    12 |     1 ||    25
       Distracted        |       |     1 |       ||     1
Armor: Robe              |    24 |       |       ||    24
       Leather armour    |     2 |    39 |     9 ||    50
Dodge: Dodged            |    84 |    98 |    25 ||   207
Block: Other             |       |       |    12 ||    12
